 Dungeon Crawl Stone Soup version 0.17-a0-1582-ge6b0260 (webtiles) character file.

214 Malachi the Chopper (level 5, -9/63 HPs)
             Began as a Demonspawn Berserker on July 21, 2015.
             Was a Priest of Trog.
             Mangled by an ogre
             ... wielding a +0 giant club
              (28 damage)
             ... on level 4 of the Dungeon on July 28, 2015.
             The game lasted 00:04:40 (2000 turns).

Malachi the Chopper (Demonspawn Berserker)          Turns: 2000, Time: 00:04:41

Health: -9/63      AC:  8    Str: 23    XL:     5   Next: 59%
Magic:  5/5        EV:  8    Int:  8    God:    Trog [***...]
Gold:   180        SH:  3    Dex: 13    Spells: 0 memorised, 4 levels left

rFire  . . .     SeeInvis .     a - +0 hand axe
rCold  . . .     Clarity  .     h - +0 chain mail
rNeg   . . .     SustAt   .     i - +0 buckler
rPois  .         Gourm    .     (no helmet)
rElec  .         Spirit   .     (no cloak)
rCorr  .         Warding  .     (no gloves)
rMut   .         Stasis   .     (no boots)
MR     +....                    (no amulet)
Stlth  ..........               (no ring)
                                r - ring of protection from magic

@: berserking, very quick, somewhat resistant to hostile enchantments, extremely
unstealthy
A: spiny 2
a: Burn Spellbooks, Berserk, Trog's Hand, Renounce Religion


You were on level 4 of the Dungeon.
You worshipped Trog.
Trog was most pleased with you.
You were very hungry.

You visited 1 branch of the dungeon, and saw 4 of its levels.

You collected 180 gold pieces.

Inventory:

Hand weapons
 a - a +0 hand axe (weapon)
Armour
 b - a +0 animal skin
 h - a +0 chain mail (worn)
 i - a +0 buckler (worn)
Jewellery
 r - a ring of protection from magic (left hand)
Scrolls
 d - a scroll of random uselessness {unknown}
 f - a scroll of amnesia {unknown}
 g - a scroll of noise {unknown}
 k - a scroll of enchant weapon {unknown}
 l - a scroll of enchant armour {unknown}
 m - a scroll of remove curse {unknown}
 n - a scroll of blinking {unknown}
 o - a scroll of identify {unknown}
 u - a scroll of teleportation {unknown}
 y - a scroll of immolation {unknown}
Potions
 e - a potion of might {unknown}
 j - 2 potions of flight {unknown}
 p - a potion of mutation {unknown}
 s - a potion of brilliance {unknown}
 v - a potion of degeneration {unknown}
 x - a potion of haste {unknown}
Books
 q - a Young Poisoner's Handbook

   Spells                             Type                      Level
   a - Sting                          Conjuration/Poison           1
   b - Cure Poison                    Poison                       2
   c - Mephitic Cloud                 Conjuration/Poison/Air       3
   d - Olgreb's Toxic Radiance        Poison                       4
   e - Venom Bolt                     Conjuration/Poison           5
   Trog disapproves of the use of such an item.
Comestibles
 c - 2 bread rations
 t - a slice of pizza
 w - a royal jelly


   Skills:
 + Level 3.9 Fighting
 + Level 4.0 Axes
 + Level 2.5 Armour
 + Level 3.1 Dodging
 + Level 0.5 Shields


You had 4 spell levels left.
You didn't know any spells.

Dungeon Overview and Level Annotations

Branches:
Dungeon (4/15)
 Temple: D:4-7

Altars:
Ashenzari


Innate Abilities, Weirdness & Mutations

You are mostly covered in sharp spines.


Message History

An ogre comes into view. It is wielding a giant club.
The ogre shouts!
An ogre is nearby!
An ogre is nearby!
An ogre is nearby!
You hit the ogre but do no damage. The ogre hits you with a giant club!
You hit the ogre but do no damage. The ogre is struck by your spines.
The ogre hits you with a giant club!!
Ouch! That really hurt!
You hit the ogre.
The ogre is moderately wounded.
You block the ogre's attack.
You hit the ogre.
The ogre is heavily wounded.
Use which ability? (? or * to list)
A red film seems to cover your vision as you go berserk!
You feel yourself moving faster!
You feel mighty!
You are feeling very hungry.
The ogre hits you with a giant club!!
You die...

####### ######
#.....######
##.....######.........(#
.......@....>..........#
##....O#######..........
#..... #.........#
###### ##.........#
#...)......#
#...........
#.###.....## #.###.#####
#.....# ###


You could see an ogre.

Vanquished Creatures
  The ghost of timbw the Chopper, a weakling CeFi (D:4)
  A jelly (D:3)
  Robin (D:2)
  3 adders
  An ooze (D:1)
  A worm (D:3)
  3 giant geckos
  4 orcs (D:3)
  2 ball pythons (D:1)
  13 hobgoblins
  2 jackals (D:1)
  4 quokkas
  8 bats
  6 giant cockroaches
  A giant newt (D:3)
  20 goblins
  2 kobolds
  9 rats
82 creatures vanquished.

Notes
Turn   | Place    | Note
--------------------------------------------------------------
     0 | D:1      | Malachi the Demonspawn Berserker began the quest for the Orb.
     0 | D:1      | Reached XP level 1. HP: 18/18 MP: 1/1
    27 | D:1      | Upgraded the game from 0.17-a0-1562-g9b2c768 to 0.17-a0-1582-ge6b0260
    44 | D:1      | Gained mutation: You are partially covered in sharp spines. [demonic ancestry]
    44 | D:1      | Reached XP level 2. HP: 8/24 MP: 2/2
   546 | D:1      | Reached XP level 3. HP: 29/29 MP: 3/3
   597 | D:1      | Acquired Trog's second power
   779 | D:2      | Noticed Robin
   794 | D:2      | Killed Robin
   933 | D:2      | Reached XP level 4. HP: 37/37 MP: 4/4
  1285 | D:3      | Gained mutation: You are mostly covered in sharp spines. [demonic ancestry]
  1285 | D:3      | Reached XP level 5. HP: 29/42 MP: 5/5
  1664 | D:3      | Found a shattered altar of Ashenzari.
  1857 | D:4      | Noticed timbw's ghost (weakling CeFi)
  1866 | D:4      | Killed timbw's ghost
  1866 | D:4      | Reached skill level 4 in Axes
  1995 | D:4      | Noticed an ogre
  2000 | D:4      | Mangled by an ogre

Vault maps used:
D:1:      lightli_arrival_noodles, serial_bayou_pond_c
D:2:      uniq_robin
D:3:      evilmike_ruin_ashenzari
D:4:      serial_shops, nicolae_shop_stone, uniq_natasha

Action                   |  1- 3 |  4- 6 || total
-------------------------+-------+-------++-------
Melee: Hand axe          |    63 |    61 ||   124
Invok: Berserk           |     1 |     2 ||     3
 Stab: Distracted        |     1 |       ||     1
  Eat: Chunk             |     1 |     3 ||     4
       Fruit             |       |     1 ||     1
